Map: King's Cove LE

Players

TIME (Oliveira) - Winner!

  • Race: Terran Terran
  • Spawn Location: 11:00

BratOK (Brat_OK)

  • Race: Terran Terran
  • Spawn Location: 5:00

Event: 2019 WCS Spring

VOD

Have the link to the VOD?

Description

Time

  • Played on: May 17, 2019, 7:36 a.m.
  • Length: 18:50

All games in this series

Show
View Real Time Build Order
Export as new Build Order

TIME Terran - Winner!

Build Orders:  

Get SALT Encoding   

  12  0:00  SCV  
  13  0:12  SCV  
  14  0:18  Supply Depot  
  14  0:24  SCV  
  15  0:30  Refinery  
  15  0:40  SCV  
  16  0:46  Barracks  
  16  0:52  SCV  
  17  0:58  Refinery  
  17  1:04  SCV  
  18  1:16  SCV  
  19  1:33  Reaper, Orbital Command  
  20  1:40  Factory  
  20  1:55  Supply Depot  
  20  1:59  SCV  
  21  2:05  Reaper  
  22  2:11  SCV  
  23  2:24  Widow Mine  
  25  2:32  Command Center  
  25  2:35  SCV  
  26  2:38  Barracks Reactor  
  26  2:47  SCV  
  26  2:51  Starport  
  27  2:52  Factory Tech Lab  
  27  2:59  SCV  
  27  3:02  Supply Depot  
  28  3:11  SCV  
  29  3:20  Marine x2  
  29  3:23  SCV, Cyclone  
  35  3:39  SCV  
  36  3:41  Starport Tech Lab, Marine x2  
  36  3:45  Orbital Command  
  36  3:46  Refinery  
  38  3:51  SCV  
  38  3:57  Siege Tank  
  40  4:04  SCV  
  40  4:05  Raven  
  40  4:09  Marine  
  43  4:13  SCV  
  43  4:18  SCV  
  43  4:19  Marine  
  45  4:25  SCV  
  45  4:27  Marine  
  45  4:30  SCV  
  48  4:32  Supply Depot  
  48  4:34  Siege Tank  
  48  4:37  SCV  
  52  4:40  Marine  
  52  4:42  SCV  
  54  4:51  Supply Depot  
  54  4:53  Raven  
  54  4:54  SCV x2  
  54  4:58  Marine x2  
  60  5:06  SCV x2  
  62  5:13  Siege Tank, Supply Depot  
  65  5:16  Supply Depot  
  65  5:18  SCV  
  65  5:19  SCV, Marine x2  
  69  5:30  SCV  
  69  5:35  SCV, Command Center  
  71  5:43  SCV  
  71  5:45  Supply Depot  
  71  5:46  Siege Tank  
  71  5:47  SCV  
  71  5:48  Marine  
  77  5:50  Viking  
  77  5:55  Viking  
  81  5:57  Stimpack  
  81  5:58  SCV  
  81  6:03  SCV  
  83  6:07  Refinery  
  83  6:08  Marine, Supply Depot  
  83  6:10  SCV  
  85  6:19  SCV  
  85  6:23  Siege Tank, Barracks  
  85  6:24  Barracks  
  88  6:29  Viking  
  88  6:31  Marine  
  91  6:36  Viking  
  91  6:37  SCV  
  93  6:43  SCV  
  94  6:47  Orbital Command, Supply Depot  
  94  6:49  Marine  
  95  6:55  Siege Tank  
  98  7:04  Viking, Engineering Bay x2  
  98  7:05  SCV  
  98  7:06  Orbital Command  
  98  7:07  Marine  
  102  7:12  Barracks Reactor x2  
  102  7:15  SCV  
  103  7:17  SCV  
  104  7:22  Viking  
  104  7:25  Marine  
  104  7:27  SCV  
  93  7:43  SCV, Marine  
  85  7:45  Viking, Siege Tank  
  85  7:46  SCV x2  
  83  7:52  Terran Infantry Weapons Level 1, Terran Infantry Armor Level 1  
  83  7:54  Marine x2  
  83  7:55  SCV, Marine  
  83  7:56  Barracks  
  83  7:57  Barracks, Marine  
  88  7:58  SCV  
  88  7:59  SCV  
  88  8:01  Marine  
  91  8:11  Marine  
  91  8:12  Marine  
  85  8:14  Marine  
  85  8:17  Viking x2  
  85  8:18  SCV x2, Marine  
  85  8:19  SCV  
  92  8:22  Combat Shield  
  92  8:23  Marine  
  85  8:29  Marine  
  85  8:30  SCV, Siege Tank  
  85  8:32  SCV  
  85  8:33  SCV  
  92  8:35  Marine  
  92  8:36  Refinery  
  92  8:37  Refinery  
  93  8:42  SCV  
  93  8:44  SCV, Barracks Tech Lab  
  93  8:45  Barracks Tech Lab  
  93  8:47  Medivac x2  
  99  8:49  Marine  
  99  8:50  Marine  
  99  8:51  Armory  
  101  8:58  SCV  
  101  8:59  Marine x2  
  101  9:00  Marine  
  101  9:02  SCV  
  106  9:05  Marauder  
  106  9:06  Marauder, Command Center  
  106  9:07  SCV  
  106  9:09  Supply Depot  
  111  9:10  SCV  
  111  9:11  Supply Depot  
  111  9:13  Concussive Shells  
  111  9:14  Marine x2  
  111  9:15  SCV  
  115  9:20  Marauder  
  115  9:22  Supply Depot  
  115  9:23  Medivac  
  119  9:24  Supply Depot  
  119  9:27  Medivac  
  119  9:28  Siege Tank  
  124  9:33  Supply Depot  
  124  9:34  SCV x3, Marauder  
  129  9:38  Armory  
  125  9:48  Marine  
  125  9:49  Marauder x2, Terran Infantry Weapons Level 2  
  125  9:51  SCV  
  125  9:52  Factory, Marine x2  
  132  9:55  SCV, Marauder  
  132  9:56  Terran Vehicle Weapons Level 1  
  132  9:59  Marine  
  137  10:00  SCV  
  137  10:06  Marine  
  138  10:08  Siege Tank  
  138  10:09  SCV  
  138  10:10  Marauder x2, Marine  
  147  10:14  Refinery  
  147  10:15  Refinery  
  147  10:16  Marauder  
  147  10:18  Medivac  
  151  10:24  Planetary Fortress  
  149  10:31  Marine x2  
  149  10:32  Marauder  
  149  10:33  Marauder, Marine  
  149  10:34  SCV  
  149  10:35  SCV  
  156  10:37  SCV, Marine  
  154  10:43  Factory Tech Lab  
  154  10:45  Marauder  
  154  10:46  SCV  
  154  10:49  Marine x2  
  159  10:51  Marine  
  159  10:52  Command Center  
  159  10:53  Marauder, Sensor Tower  
  159  10:54  Siege Tank  
  159  10:55  Missile Turret  
  159  10:56  Marine  
  164  11:05  Marine  
  164  11:06  Marauder, Marine  
  164  11:09  Marine x2  
  170  11:14  Marauder  
  170  11:16  Terran Infantry Armor Level 2  
  158  11:20  Marine  
  158  11:21  Siege Tank  
  158  11:23  Marauder  
  158  11:24  SCV  
  151  11:28  Marine x2  
  151  11:29  Marauder  
  151  11:30  Siege Tank  
  158  11:33  Medivac x2  
  158  11:36  Marine  
  158  11:37  Marauder  
  158  11:38  Marine  
  141  11:55  Marine  
  141  11:59  Marine  
  141  12:00  SCV  
  141  12:01  SCV, Marauder, Marine x2  
  129  12:02  Siege Tank  
  129  12:03  Marine  
  129  12:04  Marauder  
  129  12:07  Siege Tank  
  129  12:08  SCV  
  142  12:13  SCV, Marine  
  140  12:17  Marine  
  140  12:18  Marine  
  140  12:19  SCV x2  
  139  12:22  SCV, Marine  
  139  12:23  Marauder, Marine  
  139  12:25  SCV  
  139  12:27  Marine  
  142  12:31  Marine  
  142  12:34  Viking x2  
  142  12:35  Terran Vehicle Weapons Level 2, SCV x2, Marine  
  142  12:36  SCV, Marine  
  149  12:38  SCV  
  149  12:40  Planetary Fortress, Marine  
  149  12:41  Marauder  
  153  12:45  Marauder  
  153  12:46  Siege Tank x2  
  153  12:47  SCV  
  153  12:48  SCV  
  163  12:59  Marine x2  
  163  13:04  Starport  
  163  13:05  Starport  
  165  13:07  Fusion Core  
  165  13:08  Terran Infantry Weapons Level 3  
  165  13:15  Viking x2  
  168  13:22  Marauder  
  170  13:27  Command Center  
  170  13:29  Refinery x2  
  170  13:32  Siege Tank  
  173  13:35  Siege Tank  
  173  13:41  Starport Reactor  
  176  13:51  Starport Tech Lab  
  176  13:53  Viking x2  
  176  13:54  Liberator  
  180  13:55  SCV  
  180  13:59  Armory  
  170  14:06  Siege Tank  
  173  14:11  Advanced Ballistics  
  173  14:16  Siege Tank  
  179  14:19  Viking x2  
  179  14:23  SCV  
  179  14:24  SCV  
  185  14:26  Command Center  
  185  14:29  Sensor Tower  
  185  14:33  Viking x2  
  185  14:34  Liberator x2  
  185  14:35  Marauder  
  185  14:36  Marauder  
  197  14:55  Viking  
  198  15:02  Command Center  
  198  15:03  Refinery  
  198  15:13  Terran Ship Weapons Level 1, Terran Vehicle And Ship Armor Level 1, Viking  
  196  15:37  Viking  
  198  15:57  Orbital Command  
  198  15:58  Planetary Fortress  
  198  16:04  Command Center x2  
  198  16:05  Command Center  
  198  16:09  Liberator x2  
  195  16:13  Viking  
  195  16:14  Marauder, Marine  
  181  16:19  Viking  
  181  16:21  Viking  
  181  16:26  Liberator  
  181  16:28  Siege Tank  
  181  16:30  Marauder, Marine x2  
  188  16:38  Liberator  
  179  16:47  Marauder, Siege Tank, Marine x2  
  179  16:49  Orbital Command  
  179  16:52  Liberator  
  182  16:54  Viking, Starport  
  182  16:58  Starport, Liberator, Marine  
  182  16:59  Starport  
  185  17:09  Liberator  
  185  17:14  SCV  
  189  17:20  Liberator  
  189  17:21  Orbital Command, Liberator  
  189  17:22  Orbital Command  
  195  17:35  Liberator  
  195  17:43  Liberator  
  193  17:45  Marauder  
  193  17:50  Starport Tech Lab x3  
  198  18:31  Refinery  
  198  18:40  Command Center  
  198  18:45  Refinery  
Show
View Real Time Build Order
Export as new Build Order

BratOK Terran 

Build Orders: Mech 

Get SALT Encoding   

  12  0:00  SCV  
  13  0:12  SCV  
  14  0:17  Supply Depot  
  14  0:24  SCV  
  15  0:28  Refinery  
  15  0:39  SCV  
  16  0:46  Barracks  
  16  0:51  SCV  
  16  0:55  Refinery  
  17  1:03  SCV  
  18  1:15  SCV  
  19  1:33  Orbital Command  
  19  1:34  Factory  
  19  1:37  Reaper  
  20  1:45  Supply Depot  
  21  2:01  SCV  
  21  2:09  Reaper  
  21  2:15  SCV  
  23  2:19  Hellion  
  25  2:28  Command Center  
  25  2:34  SCV  
  26  2:43  Factory Tech Lab  
  26  2:44  Barracks Reactor  
  26  2:46  SCV  
  26  2:49  Supply Depot  
  27  2:58  SCV  
  31  3:05  Cyclone  
  31  3:09  Starport  
  31  3:13  SCV  
  32  3:22  Marine x2  
  32  3:25  SCV  
  33  3:37  SCV  
  33  3:39  Cyclone  
  37  3:42  Orbital Command  
  37  3:49  SCV  
  38  4:01  SCV, Marine x2  
  39  4:07  SCV  
  37  4:13  SCV  
  37  4:20  SCV  
  37  4:21  Raven, Marine x2  
  42  4:24  Factory Tech Lab  
  42  4:32  Command Center  
  42  4:33  SCV  
  42  4:34  SCV  
  44  4:39  Supply Depot  
  44  4:42  Refinery  
  44  4:47  Siege Tank  
  44  4:49  SCV  
  48  4:53  SCV  
  48  4:59  Marine x2  
  51  5:01  SCV  
  51  5:05  SCV, Supply Depot  
  51  5:06  Raven  
  55  5:13  SCV  
  56  5:17  SCV  
  57  5:22  Siege Tank  
  57  5:25  Marine x2  
  62  5:30  SCV x2  
  62  5:32  Refinery  
  64  5:35  Supply Depot  
  64  5:42  SCV x2  
  66  5:50  Orbital Command  
  66  5:54  SCV x2  
  68  5:58  Viking x2  
  68  6:02  Supply Depot  
  71  6:10  Orbital Command  
  71  6:13  SCV x2  
  71  6:17  Siege Tank  
  76  6:25  SCV  
  77  6:27  Barracks Reactor  
  77  6:29  SCV  
  77  6:31  Viking, Factory  
  80  6:37  SCV, Supply Depot  
  81  6:41  SCV  
  82  6:47  SCV  
  82  6:49  SCV  
  82  6:52  Factory  
  82  6:53  SCV  
  82  6:54  Siege Tank  
  88  6:59  SCV  
  89  7:01  SCV  
  89  7:02  Engineering Bay  
  89  7:05  SCV  
  90  7:12  Viking x2  
  90  7:14  SCV x2  
  96  7:16  Refinery  
  96  7:25  SCV  
  96  7:27  Supply Depot  
  96  7:28  Supply Depot  
  96  7:36  Siege Tank  
  88  7:41  Viking  
  88  7:42  Viking  
  88  7:43  Hellion  
  88  7:44  SCV  
  76  7:49  SCV  
  76  7:50  SCV  
  73  7:56  SCV, Cyclone  
  77  8:02  SCV x2  
  79  8:08  SCV  
  79  8:11  Viking, Siege Tank  
  77  8:14  SCV x2  
  74  8:23  SCV  
  74  8:26  SCV x2  
  73  8:32  Siege Tank  
  73  8:33  Hellion, Liberator x2  
  78  8:35  SCV  
  78  8:38  SCV x2  
  81  8:44  Armory  
  81  8:47  Armory  
  81  8:51  SCV  
  88  8:56  Refinery  
  88  8:58  Missile Turret  
  88  9:02  Missile Turret  
  88  9:03  Siege Tank  
  88  9:04  Hellion  
  88  9:07  SCV x3  
  96  9:10  Supply Depot  
  96  9:12  Supply Depot  
  96  9:19  SCV  
  96  9:21  Hellion, Siege Tank  
  96  9:22  SCV  
  103  9:24  Missile Turret  
  103  9:26  Hellion  
  105  9:33  SCV x2  
  105  9:34  SCV  
  105  9:35  Viking  
  110  9:43  Hellion  
  110  9:45  SCV  
  113  9:47  Hellion, Siege Tank  
  113  9:50  Terran Vehicle And Ship Armor Level 1, Terran Vehicle Weapons Level 1  
  118  9:53  Hellion  
  118  9:57  SCV x2  
  122  10:01  Command Center  
  122  10:04  Hellion  
  124  10:08  Viking x2  
  128  10:14  Factory, Barracks Reactor  
  128  10:15  Factory  
  128  10:18  Infernal Pre-Igniter  
  128  10:26  Missile Turret  
  128  10:27  SCV x2  
  126  10:30  Supply Depot  
  126  10:31  Supply Depot  
  126  10:33  Siege Tank  
  129  10:42  Viking  
  129  10:43  Siege Tank  
  129  10:49  Supply Depot  
  131  10:50  Supply Depot  
  131  10:53  Hellion  
  133  11:05  Siege Tank  
  133  11:07  Factory Tech Lab  
  136  11:15  Siege Tank  
  136  11:16  Hellion x3  
  136  11:17  Hellion  
  101  11:28  Siege Tank  
  101  11:32  Orbital Command  
  102  11:37  Siege Tank  
  102  11:38  Hellion, Missile Turret  
  107  11:40  Viking x2, Sensor Tower  
  107  11:41  Hellion x2  
  115  11:47  Siege Tank  
  115  11:51  Hellion  
  104  12:00  Siege Tank  
  86  12:04  Hellion x3  
  86  12:06  SCV  
  93  12:09  Siege Tank  
  96  12:19  Siege Tank  
  93  12:24  Viking  
  93  12:25  Hellion  
  93  12:26  Hellion x4  
  93  12:28  SCV x2  
  99  12:32  Siege Tank  
  99  12:34  Orbital Command  
  99  12:35  SCV  
  103  12:41  Siege Tank  
  106  12:50  Hellion x3  
  112  12:56  Hellion x4  
  112  13:06  Command Center  
  112  13:09  SCV x2  
  114  13:24  Sensor Tower  
  114  13:27  Siege Tank x2  
  114  13:28  Hellion, Siege Tank  
  123  13:37  SCV x3  
  126  13:43  Hellion  
  126  13:49  Terran Vehicle Weapons Level 2, Terran Vehicle And Ship Armor Level 2  
  120  13:55  Viking x2  
  120  13:59  SCV, Siege Tank  
  120  14:00  SCV, Siege Tank x2  
  133  14:14  Starport x2  
  133  14:20  Missile Turret  
  133  14:22  Missile Turret  
  133  14:26  Viking  
  133  14:28  Barracks Reactor  
  135  14:37  SCV x4  
  139  14:42  Planetary Fortress  
  139  14:47  Missile Turret  
  139  14:48  Missile Turret  
  139  14:50  Missile Turret  
  139  14:56  Missile Turret  
  139  14:57  Missile Turret  
  139  14:58  Missile Turret  
  139  14:59  Viking  
  141  15:00  Starport Tech Lab  
  141  15:05  SCV x2  
  141  15:06  SCV  
  144  15:13  Missile Turret  
  144  15:14  Missile Turret x2  
  144  15:24  Missile Turret  
  144  15:37  Viking, Thor x2  
  152  15:48  Missile Turret  
  141  15:53  Viking x3, Missile Turret  
  141  15:55  Cyclone  
  141  15:56  Hellion x2, Missile Turret  
  151  16:01  Refinery x2  
  151  16:02  Viking  
  153  16:05  Terran Ship Weapons Level 1  
  153  16:13  Viking  
  153  16:17  SCV  
  153  16:18  Missile Turret  
  153  16:20  Cyclone  
  153  16:21  Missile Turret, Orbital Command  
  153  16:23  Viking x2  
  143  16:30  Hellion x2, Siege Tank x2  
  147  16:35  Hellion x2  
  139  16:40  SCV x3  
  138  16:52  Siege Tank  
  138  16:54  Viking  
  138  16:55  SCV x2  
  138  17:02  Siege Tank  
  138  17:08  Viking  
  143  17:09  SCV x4  
  143  17:10  SCV  
  143  17:14  Refinery  
  143  17:15  Refinery  
  148  17:19  Viking  
  148  17:21  SCV x3  
  148  17:22  SCV x2  
  155  17:25  Missile Turret  
  155  17:26  Missile Turret  
  155  17:28  Missile Turret  
  155  17:29  Missile Turret  
  155  17:33  SCV x2  
  155  17:34  SCV  
  156  17:41  Viking x2  
  156  17:43  SCV x2  
  147  17:47  Viking x2  
  151  17:55  SCV x2, Viking  
  138  18:00  SCV  
  138  18:01  SCV  
  138  18:03  SCV  
  139  18:11  Viking  
  130  18:13  Viking  
  130  18:17  Viking  
  112  18:21  Hellion x2  
  124  18:29  SCV  
  124  18:30  SCV  
Tags
 
Add a new tag
Caveats
  • Supply blocks, unpowered buildings, or Contaminate may cause inaccurate times.
  • Supply counts are checked every 10 seconds.